 Dungeon Crawl Stone Soup version 0.31-a0-1620-gcbf77bbcfc (webtiles) character file.

Game seed: 16694550668303333772

15764 Newt the Markskobold (level 12, -5/65 HPs)
             Began as a Kobold Hunter on Jan 11, 2024.
             Was an Elder of Hepliaklqana.
             Slain by a minotaur
             ... wielding the +8 longbow "Zephyr" {speed, Dex+3 SInv}
              (13 damage)
             ... in a Gauntlet.
             The game lasted 00:17:42 (10853 turns).

Newt the Markskobold (Kobold Hunter)               Turns: 10853, Time: 00:17:43

Health: -5/65      AC:  7    Str: 13    XL:     12   Next: 61%
Magic:  18/18      EV: 26    Int: 10    God:    Hepliaklqana [****..]
Gold:   129        SH:  0    Dex: 21    Spells: 11/11 levels left

rFire   . . .        a - +1 shortbow (elec)
rCold   . . .        (shield currently unavailable)
rNeg    + . .        u - +1 troll leather armour
rPois   .            (no helmet)
rElec   .            (no cloak)
rCorr   .            b - +0 pair of gloves
SInv    +            s - +1 pair of boots
Will    .....        d - amulet of regeneration
Stlth   +++++        D - +5 ring of evasion
HPRegen 1.90/turn    B - ring of positive energy
MPRegen 0.16/turn

%: no teleportation
@: hasted (expiring), very quick
A: reduced essence, small, no large weapons, nightstalker 3, see invisible,
strong 1
a: Renounce Religion, Recall Ancestor, Ancestor Identity, Transference, Idealise


You were in a Gauntlet.
You worshipped Hepliaklqana.
Hepliaklqana was greatly pleased with you.
You visited 2 branches of the dungeon, and saw 12 of its levels.
You also visited: Sewer, Ossuary and Gauntlet.

You collected 682 gold pieces.
You spent 553 gold pieces at shops.

Inventory:

Hand Weapons
 a - a +1 shortbow of electrocution (weapon)
Armour
 b - a +0 pair of gloves (worn)
 c - a +0 leather armour
 s - a +1 pair of boots (worn)
 u - a +1 troll leather armour (worn)
 C - the +1 robe of the Present {rElec Int+7}
   (You took it off a centaur on level 10 of the Dungeon)

   Int+7:     It affects your intelligence (+7).
   rElec:     It insulates you from electricity.
 H - a +0 buckler of fire resistance
 I - a scarf of shadows
Jewellery
 d - an amulet of regeneration (around neck)
 x - a ring of protection from cold
 B - a ring of positive energy (right hand)
 D - a +5 ring of evasion (left hand)
 E - a ring of poison resistance
 J - a +5 ring of evasion
Wands
 z - a wand of roots (4)
 A - a wand of flame (9)
Scrolls
 k - a scroll of fear
 m - a scroll of butterflies
 n - 3 scrolls of teleportation
 q - a scroll of silence
 v - 2 scrolls of fog
 y - a scroll of vulnerability
Potions
 i - 4 potions of curing
 j - 3 potions of attraction
 l - 2 potions of mutation
 o - 3 potions of lignification
 p - 2 potions of berserk rage
 r - 2 potions of magic
 t - 2 potions of brilliance
 F - a potion of cancellation {unknown}
Miscellaneous
 G - a box of beasts


   Skills:
 - Level 8.0 Fighting
 + Level 16.1 Ranged Weapons
 - Level 10.0 Dodging
 - Level 7.0 Stealth
 - Level 9.0 Invocations
 - Level 8.0 Evocations


You had 11 spell levels left.
You didn't know any spells.
Your spell library contained the following spells:

 Spells                   Type           Power      Damage    Failure   Level
 Foxfire                  Conj/Fire      0%         2x1d4     43%         1
 Magic Dart               Conj           0%         1d3       43%         1
 Cigotuvi's Dreadful Rot  Necr/Alch/Air  0%         N/A       58%         2
 Searing Ray              Conj           0%         2d4       58%         2
 Dazzling Flash           Conj/Hex       0%         N/A       82%         3
 Mephitic Cloud           Conj/Alch/Air  0%         N/A       82%         3
 Stone Arrow              Conj/Erth      0%         3d7       82%         3
 Animate Armour           Summ/Erth      0%         N/A       99%         4
 Fulminant Prism          Conj/Alch      0%         3d5       99%         4
 Ignite Poison            Fire/Alch      0%         N/A       99%         4
 Curse of Agony           Necr           0%         N/A       100%        5
 Freezing Cloud           Conj/Ice/Air   0%         6-21      100%        5
 Silence                  Hex/Air        0%         N/A       100%        5
 Plasma Beam              Fire/Air       0%         2x1d10    100%        6
 Starburst                Conj/Fire      0%         6d3       100%        6
 Lehudib's Crystal Spear  Conj/Erth      0%         10d2      100%        8


Dungeon Overview and Level Annotations

Branches:
Dungeon (11/15)            Temple (1/1) D:4            Lair (0/5) D:8
    Orc (0/2) D:10          Sewer (visited)         Ossuary (visited)
Gauntlet (1/1)

Altars:
Ashenzari
Cheibriados
Dithmenos
Elyvilon
Fedhas
Gozag
Hepliaklqana
Kikubaaqudgha
Makhleb
Nemelex Xobeh
Okawaru
Qazlal
Ru
Sif Muna
Trog
Uskayaw
Vehumet
Wu Jian
Xom
Yredelemnul
Zin
The Shining One

Shops:
D:1 !   D:7 (   D:10 (   D:11 =

Annotations:
D:9 1 runed translucent door, Livid's ghost, journeyman FoFi Gauntlet 6 transporters


Innate Abilities, Weirdness & Mutations

Your life essence is reduced to manifest your ancestor. (-10% HP)
You are small and have problems with some larger weapons.
You are completely attuned to the shadows.
You have supernaturally acute eyesight. (SInv)
Your muscles are strong. (Str +4, Int/Dex -1)


Message History

The minotaur misses your butterfly.
The minotaur completely misses your butterfly.
Unknown command.
Unknown command.
Fire: a) +1 shortbow (elec)
Press: ? - help, Q - select action, (/) - cycle Shift-Dir - straight line, f/p - minotaur
Aim: a minotaur, wielding the +8 longbow "Zephyr" {speed, Dex+3 SInv}, wearing a +0 plate armour, wearing the ring "Bitaimyi" {^Drain rElec Int+8 Dex+6} and quivering silver javelins (almost dead, ally target, 83% to hit)
You shoot an arrow.
The arrow closely misses your butterfly.
The arrow hits the minotaur but does no damage.
The minotaur is almost dead.
Unknown command.
Fire: a) +1 shortbow (elec)
Press: ? - help, Q - select action, (/) - cycle Shift-Dir - straight line, f/p - minotaur
Aim: a minotaur, wielding the +8 longbow "Zephyr" {speed, Dex+3 SInv}, wearing a +0 plate armour, wearing the ring "Bitaimyi" {^Drain rElec Int+8 Dex+6} and quivering silver javelins (almost dead, ally target, 83% to hit)
You shoot an arrow.
The arrow hits the minotaur but does no damage.
The minotaur is almost dead.
Unknown command.
You shoot an arrow. The arrow hits the minotaur.
The minotaur is almost dead.
Unknown command.
You shoot an arrow.
The arrow hits the minotaur but does no damage.
The minotaur is almost dead.
Your extra speed is starting to run out.
The minotaur closely misses you. The minotaur completely misses you.
Unknown command.
You shoot an arrow.
The arrow completely misses the minotaur.
The minotaur barely misses you.
The minotaur gores you but does no damage.
Unknown command.
You shoot an arrow.
The arrow hits the minotaur but does no damage.
The minotaur is almost dead.
The minotaur hits you with the +8 longbow "Zephyr" {speed, Dex+3 SInv}!!
* * * LOW HITPOINT WARNING * * *
The minotaur gores you!
You die...

#≈......................§..
###≈#≈#≈#≈########≈#≈#≈#§#≈
#########bb..©.##########
#####......# #..bbb.b...


#bbb.bb.b.. ##.##b##b## ##b##H##.##. #.b.@.b..b.. #.##.##.##.# #. #b##b# #.
....b. .##.#H# You could see a minotaur (ally target).

Vanquished Creatures
  4 two-headed ogres
  A death yak (D:10)
  A soul eater (Gauntlet)
  Amaemon (D:10)
  Pikel (D:8)
  A lightning spire (Gauntlet)
  A manticore (D:11)
  An orange demon (D:10)
  Psyche (D:10)
  A tengu conjurer (Gauntlet)
  3 trolls
  2 polar bears (D:10)
  Prince Ribbit (D:7)
  6 yaks
  A wraith (D:9)
  2 wyverns (D:9)
  Pargi (Sewer)
  A black bear (D:6)
  An orc warrior (D:11)
  2 ice beasts (D:10)
  3 sky beasts
  3 wolves
  3 centaurs
  A lemure (D:8)
  A phantom (D:4)
  An elf zombie (Ossuary)
  3 bullfrogs
  3 kobold brigands
  5 scorpions
  7 wights
  4 killer bees (D:11)
  7 howler monkeys
  4 electric eels
  A bombardier beetle (D:5)
  4 centaur zombies (Ossuary)
  A human zombie (Ossuary)
  6 hounds
  A sleepcap (D:5)
  3 orc priests
  An iron imp (D:3)
  A gnoll bouda (D:7)
  3 iguanas
  4 orc wizards
  A centaur simulacrum (D:10)
  5 hound zombies (Ossuary)
  2 mummies (Ossuary)
  6 gnolls
  7 adders
  3 shadow imps (Gauntlet)
  3 white imps (D:10)
  An ufetubus (D:10)
  6 adder zombies (Ossuary)
  2 ribbon worms
  2 dart slugs
  25 orcs
  2 bats
  7 endoplasms
  A giant cockroach (D:3)
  3 gnoll zombies (Ossuary)
  3 goblins
  4 hobgoblins
  A jackal (D:3)
  3 quokkas
  9 ball pythons
  3 frilled lizards
  7 jackal zombies (Ossuary)
  26 kobolds
  A kobold zombie (Ossuary)
  3 orc zombies (Ossuary)
  6 rats
245 creatures vanquished.

Vanquished Creatures (collateral kills)
  A two-headed ogre (D:10)
  A tengu warrior (Gauntlet)
  Jeremiah (D:7)
  A komodo dragon (D:10)
  A raiju (Gauntlet)
  2 yaks
  An acid dragon (D:9)
  A sky beast (D:6)
  An ice beast (D:10)
  2 wolves (D:10)
  3 kobold brigands
  A wight (D:10)
  4 electric eels
  2 howler monkeys
  2 orc priests
  A gnoll (D:7)
  A shadow imp (Gauntlet)
  3 orcs
  A giant cockroach (D:5)
  2 gnoll zombies (Ossuary)
  A frilled lizard (Sewer)
  4 kobolds
  A kobold zombie (Ossuary)
  2 orc zombies (Ossuary)
  A rat (D:5)
41 creatures vanquished.

Vanquished Creatures (others)
  5 knights
  2 ancestors
7 creatures vanquished.

Grand Total: 293 creatures vanquished

Notes
Turn   | Place    | Note
-------+----------+-------------------------------------------
     0 | D:1      | Newt the Kobold Hunter began the quest for the Orb.
     0 | D:1      | Reached XP level 1. HP: 12/12 MP: 1/1
    70 | D:1      | Found Yfuck's Distillery.
   212 | D:1      | Reached XP level 2. HP: 18/18 MP: 2/2
   686 | D:2      | Reached XP level 3. HP: 23/23 MP: 3/3
  1505 | D:3      | Reached XP level 4. HP: 10/30 MP: 4/4
  1615 | D:3      | Reached skill level 5 in Fighting
  1645 | D:3      | Reached XP level 5. HP: 10/35 MP: 5/5
  1886 | D:3      | Found an opulent altar of Gozag.
  1936 | D:3      | Found a faded altar of an unknown god.
  1940 | D:3      | Reached skill level 6 in Ranged Weapons
  2123 | D:3      | Found a stormy altar of Qazlal.
  2311 | D:3      | Found a burning altar of Makhleb.
  2328 | D:3      | HP: 1/35 [iron imp (6)]
  2699 | D:4      | Reached skill level 7 in Ranged Weapons
  2699 | D:4      | Reached XP level 6. HP: 40/40 MP: 6/6
  2847 | D:4      | Found a staircase to the Ecumenical Temple.
  2857 | Temple   | Entered the Ecumenical Temple
  2875 | Temple   | Became a worshipper of Hepliaklqana the Forgotten
  2989 | D:4      | Reached skill level 8 in Ranged Weapons
  3018 | D:4      | Reached XP level 7. HP: 44/44 MP: 7/7
  3457 | D:4      | Found a shadowy altar of Dithmenos.
  3514 | D:5      | Entered Level 5 of the Dungeon
  3558 | D:5      | Reached skill level 9 in Ranged Weapons
  3600 | D:5      | Reached * piety under Hepliaklqana
  3633 | D:5      | Found a glowing drain.
  3639 | Sewer    | Entered a sewer
  3647 | Sewer    | Noticed Pargi
  3652 | Sewer    | Killed Pargi
  3657 | Sewer    | Reached skill level 5 in Dodging
  3748 | Sewer    | Reached XP level 8. HP: 35/44 MP: 8/8
  3860 | D:5      | You fall into a shaft and drop 1 floor!
  3945 | D:5      | Reached skill level 10 in Ranged Weapons
  4066 | D:5      | Found a sand-covered staircase.
  4072 | Ossuary  | Entered an ossuary
  4204 | Ossuary  | Reached skill level 11 in Ranged Weapons
  4421 | D:5      | Gained mutation: You occasionally shout uncontrollably at
                  | your foes. [potion of mutation]
  4421 | D:5      | Gained mutation: You expend magic power (3 MP) to
                  | strengthen your wands. [potion of mutation]
  4421 | D:5      | Gained mutation: Your spells are a little harder to cast,
                  | but a little more powerful. [potion of mutation]
  4422 | D:5      | Lost mutation: Your spells are a little harder to cast, but
                  | a little more powerful. [potion of mutation]
  4422 | D:5      | Lost mutation: You occasionally shout uncontrollably at
                  | your foes. [potion of mutation]
  4422 | D:5      | Lost mutation: You expend magic power (3 MP) to strengthen
                  | your wands. [potion of mutation]
  4422 | D:5      | Gained mutation: Your muscles are strong. (Str +4, Int/Dex
                  | -1) [potion of mutation]
  4422 | D:5      | Gained mutation: You have supernaturally acute eyesight.
                  | (SInv) [potion of mutation]
  4438 | D:5      | Reached skill level 12 in Ranged Weapons
  4438 | D:5      | Reached XP level 9. HP: 48/48 MP: 9/9
  4474 | D:5      | Found a bloodstained altar of Trog.
  4765 | D:1      | Bought a potion of curing for 33 gold pieces
  4765 | D:1      | Bought a potion of magic for 88 gold pieces
  5052 | D:6      | Found a shimmering altar of Xom.
  5701 | D:6      | Reached ** piety under Hepliaklqana
  5702 | D:6      | Remembered your ancestor Gnaeus as a knight
  5827 | D:7      | Reached skill level 1 in Evocations
  5965 | D:7      | Noticed Prince Ribbit
  5970 | D:7      | Killed Prince Ribbit
  6015 | D:7      | Reached skill level 5 in Evocations
  6113 | D:7      | Found an iron altar of Okawaru.
  6184 | D:7      | Reached XP level 10. HP: 57/57 MP: 10/10
  6629 | D:7      | Found Nurifol's Weapon Shoppe.
  6700 | D:7      | Noticed Jeremiah
  6713 | D:7      | Killed Jeremiah
  7111 | D:8      | Reached skill level 5 in Stealth
  7256 | D:8      | Found a sacrificial altar of Ru.
  7629 | D:8      | Reached *** piety under Hepliaklqana
  7685 | D:8      | Noticed Pikel
  7696 | D:8      | Killed Pikel
  7772 | D:8      | Found a staircase to the Lair.
  8049 | D:9      | Found a hide-covered altar of Uskayaw.
  8188 | D:9      | Reached XP level 11. HP: 34/61 MP: 11/11
  8248 | D:9      | Noticed a two-headed ogre
  8254 | D:9      | Killed a two-headed ogre
  8255 | D:9      | Reached skill level 10 in Dodging
  8422 | D:9      | Reached skill level 13 in Ranged Weapons
  8456 | D:9      | Identified the +0 leather armour of Howling Wind {*Corrode
                  | rElec Int+2}
  8632 | D:9      | Found a runed translucent door.
  8633 | D:9      | Noticed Livid's ghost (journeyman FoFi)
  8982 | D:10     | Entered Level 10 of the Dungeon
  8985 | D:10     | Noticed Amaemon
  9004 | D:10     | Killed Amaemon
  9005 | D:10     | Reached skill level 14 in Ranged Weapons
  9058 | D:10     | Found Sekimnuu's Weapon Boutique.
  9089 | D:10     | Noticed Psyche
  9098 | D:10     | Killed Psyche
  9146 | D:10     | Noticed a death yak
  9156 | D:10     | Killed a death yak
  9157 | D:10     | Reached skill level 15 in Ranged Weapons
  9157 | D:10     | Reached skill level 1 in Invocations
  9319 | D:10     | Identified the +8 rapier "Nopnusoi" {vamp, Fly rN++ Int+2
                  | Dex-5}
  9382 | D:10     | Noticed a two-headed ogre
  9387 | D:10     | Killed a two-headed ogre
  9560 | D:10     | Identified the +1 robe of the Present {rElec Int+7}
  9565 | D:10     | Reached skill level 5 in Invocations
  9700 | D:10     | Found a staircase to the Orcish Mines.
  9791 | D:10     | Reached **** piety under Hepliaklqana
  9800 | D:10     | Reached XP level 12. HP: 65/65 MP: 16/16
  9954 | D:11     | Noticed a two-headed ogre
  9959 | D:11     | Killed a two-headed ogre
 10043 | D:11     | Noticed a two-headed ogre
 10051 | D:11     | Killed a two-headed ogre
 10088 | D:11     | Noticed a two-headed ogre
 10097 | D:11     | Killed a two-headed ogre
 10117 | D:11     | Found Rucw's Jewellery Emporium.
 10122 | D:11     | Bought a +5 ring of evasion for 432 gold pieces
 10238 | D:11     | Found a gate leading to a gauntlet.
 10245 | Gauntlet | Entered a Gauntlet
 10252 | Gauntlet | Found a transporter.
 10280 | Gauntlet | Found a transporter.
 10300 | Gauntlet | Found a transporter.
 10314 | Gauntlet | Noticed a blizzard demon
 10321 | Gauntlet | Noticed a tengu warrior
 10332 | Gauntlet | Noticed a soul eater
 10338 | Gauntlet | Found a transporter.
 10338 | Gauntlet | Found a transporter.
 10345 | Gauntlet | Found a transporter.
 10385 | Gauntlet | Found a transporter.
 10406 | Gauntlet | Found a transporter.
 10478 | Gauntlet | Noticed a fire crab
 10500 | Gauntlet | Found a transporter.
 10509 | Gauntlet | Killed a soul eater
 10624 | Gauntlet | Found a transporter.
 10639 | Gauntlet | Found a transporter.
 10639 | Gauntlet | Found a transporter.
 10665 | Gauntlet | Killed a tengu warrior
 10743 | Gauntlet | Reached skill level 16 in Ranged Weapons
 10795 | Gauntlet | Identified the ring "Bitaimyi" {^Drain rElec Int+8 Dex+6}
 10795 | Gauntlet | Noticed a minotaur
 10816 | Gauntlet | HP: 3/65 [minotaur/silver javelin (2)]
 10824 | Gauntlet | HP: 1/65 [minotaur/silver javelin (4)]
 10853 | Gauntlet | Slain by a minotaur

Illustrated notes

Levels and vault maps discovered:
D:1:      dpeg_arrival_rhombi, layout_basic, serial_shops, shop,
          minmay_misc_feat_iff
D:2:      layout_basic, wander_ebering_terrifying_dragon_lair
D:3:      layout_basic, demons_altar, marbit_many_paths,
          mainiacjoe_overflow_cross_hatched,
          hellmonk_ecumenical_altar_heavens_door, kennysheep_generic_room_3
D:4:      layout_gridville, nicolae_dithmenos_through_a_glass_darkly,
          minmay_temple_entry_offerings
D:5:      layout_basic, kennysheep_little_box, chequers_ossuary_entry_cave,
          portal_sewer_entry_b, nicolae_elevator_lobby_plus
D:6:      layout_basic, amcnicky_altar_gilded
D:7:      statuecave_lemuel, layout_basic, okawaru_gym_becter, serial_shops,
          nicolae_shop_scrapyard, minmay_unpleasant_kobolds, uniq_jeremiah,
          uniq_prince_ribbit1
D:8:      layout_basic, mainiacjoe_overflow_tiny_flanked, erik_lair_island,
          uniq_pikel
D:9:      layout_irregular_city, nicolae_uskayaw_dance_studio,
          gammafunk_ghost_grave
D:10:     layout_roguey, orc_0_dummy, serial_ice, serial_ice_j, serial_ice_d,
          serial_ice_g, serial_ice_e, serial_shops, nicolae_shop_tiny_glass,
          uniq_amaemon, uniq_psyche
D:11:     layout_loops_ring, gauntlet_entry_generic,
          minmay_shop_enchanted_jewellery
Temple:   hellmonk_temple_forest_ring
Gauntlet: minmay_gauntlet_mixed_big_or_small [nicolae_gauntlet_arena_t_cross,
          minmay_gauntlet_arena_77_braids, gammafunk_gauntlet_arena_spirals,
          minmay_gauntlet_arena_77_mess, nicolae_gauntlet_arena_quarters,
          minmay_gauntlet_arena_77_two_lines, gauntlet_exit_green]

Skill      XL: |  1  2  3  4  5  6  7  8  9 10 11 12 |
---------------+-------------------------------------+-----
Fighting       | 3 4 5 8 |  8.0
Ranged Weapons | 7 8 9 12 15 16 | 16.1
Dodging        | 6 9 10 | 10.0
Evocations     | 6 8 |  8.0
Stealth        | 7 |  7.0
Invocations    | 5 9 |  9.0

Action                     |  1- 3 |  4- 6 |  7- 9 | 10-12 || total
---------------------------+-------+-------+-------+-------++-------
  Melee: Shortbow          |       |     4 |       |       ||     4
   Fire: Shortbow          |    79 |    90 |   302 |   498 ||   969
 Invoke: Ancestor Life: Kn |       |       |     1 |       ||     1
         Recall Ancestor   |       |       |       |     1 ||     1
  Evoke: Wand              |       |       |       |    10 ||    10
    Use: Scroll            |     6 |     4 |     6 |     7 ||    23
         Potion            |       |     1 |     2 |     6 ||     9
 Armour: Leather armour    |    11 |    30 |    66 |    20 ||   127
         Troll leather arm |       |       |       |    86 ||    86
  Dodge: Dodged            |    35 |    19 |   128 |   171 ||   353

Table legend: (Time is in decaauts)
 A = Elapsed time spent in this place.
 B = Non-inter-level travel time spent in this place.
 C = Inter-level travel time spent in this place.
 D = Time resting spent in this place.
 E = Time spent auto-exploring this place.
 F = Levels seen in this place.
 G = Mean time per level.
                   A        B        C        D        E       F      G
               +--------+--------+--------+--------+--------+-----+--------+
         Total |  10768 |  10211 |    557 |   1064 |   7205 |  15 |  717.9 |
       Dungeon |   9705 |   9184 |    521 |    882 |   6736 |  11 |  882.3 |
        Temple |     36 |      1 |     35 |      0 |      0 |   1 |   36.0 |
         Sewer |    195 |    195 |      0 |      0 |    138 |   1 |  195.0 |
       Ossuary |    255 |    255 |      0 |      0 |    128 |   1 |  255.0 |
      Gauntlet |    576 |    576 |      0 |    181 |    203 |   1 |  576.0 |
               +--------+--------+--------+--------+--------+-----+--------+

Top non-repeatable levels by time:
     D:4: 1173 daAuts
     D:7: 1142 daAuts
     D:3: 1063 daAuts
     D:8: 1012 daAuts
     D:9: 1008 daAuts
     D:6: 944 daAuts
    D:10: 940 daAuts
     D:2: 786 daAuts
     D:5: 685 daAuts
     D:1: 676 daAuts
Gauntlet: 576 daAuts
    D:11: 271 daAuts
 Ossuary: 255 daAuts
   Sewer: 195 daAuts
  Temple: 36 daAuts
